 Dungeon Crawl Stone Soup version 0.20.0-8-g6b59dc7 (webtiles) character file.

268 Minion the Poker (level 6, 0/48 HPs)
             Began as a Merfolk Gladiator on May 30, 2017.
             Slain by Edmund
             ... wielding a +3 dire flail of draining
              (3 damage)
             ... on level 3 of the Dungeon.
             The game lasted 00:05:46 (3810 turns).

Minion the Poker (Merfolk Gladiator)                Turns: 3810, Time: 00:05:47

Health: 0/48       AC:  4    Str: 14    XL:     6   Next: 21%
Magic:  6/6        EV: 13    Int:  8    God:
Gold:   201        SH:  0    Dex: 17    Spells: 5/5 levels left

rFire    . . .     SeeInvis .   a - +0 trident
rCold    . . .     Gourm    .   (no shield)
rNeg     . . .     Faith    .   b - +0 leather armour
rPois    .         Spirit   .   c - +0 helmet
rElec    .         Reflect  .   (no cloak)
rCorr    .         Harm     .   (no gloves)
MR       .....                  (no boots)
Stlth    +.........             (no amulet)
Regen    0.2/turn               (no ring)
MPRegen  0.1/turn               (no ring)

@: very slightly contaminated, heavily drained, invisible
A: change form in water, swift swim, stealthy swim
a: no special abilities


You were on level 3 of the Dungeon.
You were not hungry.

You visited 1 branch of the dungeon, and saw 4 of its levels.

You collected 201 gold pieces.

Inventory:

Hand Weapons
 a - a +0 trident (weapon)
Armour
 b - a +0 leather armour (worn)
 c - a +0 helmet (worn)
Wands
 t - a wand of acid (6/15)
Scrolls
 d - 2 scrolls of blinking {unknown}
 e - a scroll of remove curse {unknown}
 i - 5 scrolls of identify {unknown}
 j - a scroll of fog {unknown}
 l - 3 scrolls of amnesia {unknown}
 m - 2 scrolls of teleportation {unknown}
 s - a scroll of immolation {unknown}
Potions
 h - a potion of invisibility
 n - a potion of lignification {unknown}
 o - a potion of might {unknown}
 p - a potion of curing {unknown}
 q - 3 potions of haste {unknown}
 u - a potion of flight {unknown}
Comestibles
 f - 3 bread rations
 g - 4 meat rations
 k - a fruit


   Skills:
 + Level 3.9(1.4) Fighting
 + Level 6.8(4.2) Polearms
 - Level 2.0(0.0) Throwing
 + Level 0.2(0.0) Armour
 + Level 6.2(3.5) Dodging


You had 5 spell levels left.
You didn't know any spells.

Dungeon Overview and Level Annotations

Branches:
Dungeon (4/15)
 Temple: D:4-7

Altars:
Hepliaklqana

Annotations:
D:3 Edmund


Message History

Edmund is moderately wounded.
Edmund closely misses you.
You hit Edmund.
Edmund is heavily wounded.
Edmund hits you with a dire flail of draining.
* * * LOW HITPOINT WARNING * * *
You feel drained.
You hit Edmund.
Edmund is heavily wounded.
Edmund hits you with a dire flail of draining.
* * * LOW HITPOINT WARNING * * *
You feel drained.
You hit Edmund but do no damage.
Edmund is heavily wounded.
Edmund closely misses you.
You strike the helpless Edmund from behind!
You hit Edmund.
Edmund is heavily wounded.
Edmund hits you with a dire flail of draining.
You die...

#.#.#####.##.# #.#...........###
#.#.......##.####.##......#......
.......................#.##..###.
#.#################.#.##.##..###.
#.# #.#.##......... #.####
#.#.#####..#### .....# #.#.# #..#
.....# ###########.#.# #..#
.###.####.......@.....#####..# .#
#...##.##...@.............####
.###.#.#...#.#####...#######....)
.............# ##.## ########
.............# #.# #.......
##......>....# #.# #.######
#..###)#...### #.# #.# .#.#
#.##.## #.# #.# ##.###.#### #.#
#.#


You could see Edmund.

Vanquished Creatures
  2 hounds
  Jessica (D:2)
  A worker ant (D:3)
  3 gnolls (D:2)
  3 adders (D:2)
  3 worms
  3 dart slugs (D:1)
  8 leopard geckos
  6 orcs (D:3)
  3 giant cockroaches
  12 goblins
  9 hobgoblins
  11 kobolds
  A quokka (D:3)
  A ball python (D:1)
  7 bats
  2 frilled lizards
  3 rats
  A plant (D:2)
80 creatures vanquished.

Notes
Turn   | Place    | Note
-------+----------+-------------------------------------------
     0 | D:1      | Minion the Merfolk Gladiator began the quest for the Orb.
     0 | D:1      | Reached XP level 1. HP: 16/16 MP: 1/1
   140 | D:1      | Reached XP level 2. HP: 14/23 MP: 2/2
   292 | D:1      | Reached skill level 5 in Polearms
   638 | D:1      | Reached XP level 3. HP: 25/28 MP: 3/3
  1377 | D:2      | Noticed Jessica
  1381 | D:2      | Killed Jessica
  1381 | D:2      | Reached skill level 5 in Dodging
  1381 | D:2      | Reached XP level 4. HP: 34/34 MP: 4/4
  1563 | D:2      | Found a hazy altar of Hepliaklqana.
  1672 | D:2      | Reached XP level 5. HP: 10/41 MP: 5/5
  3192 | D:4      | Reached XP level 6. HP: 25/48 MP: 6/6
  3441 | D:4      | Noticed Edmund
  3810 | D:3      | Slain by Edmund

Skill      XL: |  1  2  3  4  5 |
---------------+----------------+-----
Polearms       | 5 6 |  6.8
Dodging        | 5 6 |  6.2
Fighting       | 3 |  3.9
Throwing       | |  2.0
Armour         | |  0.2

Action                   |  1- 3 |  4- 6 || total
-------------------------+-------+-------++-------
Melee: Trident           |    84 |   234 ||   318
  Use: Potion            |       |     2 ||     2
 Stab: Sleeping          |     1 |     1 ||     2
       Invisible         |       |     3 ||     3
  Eat: Chunk             |     1 |     8 ||     9
Armor: Leather armour    |     7 |    30 ||    37
Dodge: Dodged            |    34 |   144 ||   178
